 Dungeon Crawl Stone Soup version 0.26-a0-642-g67e99244d3 (webtiles) character file.

Game seed: 8588845091914007614

86 Gargoyl the Skirmisher (level 4, -2/41 HPs)
             Began as a Gnoll Abyssal Knight on Sept 23, 2020.
             Was a Believer of Lugonu.
             Slain by an orc
             ... wielding a +0 mace
              (4 damage)
             ... on level 3 of the Dungeon.
             The game lasted 00:02:37 (2721 turns).

Gargoyl the Skirmisher (Gnoll Abyssal Knight)       Turns: 2721, Time: 00:02:37

Health: -2/41      AC:  6    Str: 13 (16) XL:     4   Next: 50%
Magic:  7/7        EV: 12    Int: 11 (14) God:    Lugonu [**....]
Gold:   252        SH:  0    Dex: 13 (14) Spells: 5/5 levels left

rFire    . . .     SeeInvis .   l - +4 mace (protect)
rCold    . . .     Faith    .   (no shield)
rNeg     . . .     Spirit   .   b - +0 leather armour
rPois    .         Reflect  .   (no helmet)
rElec    .         Harm     .   (no cloak)
rCorr    .         Rampage  .   (no gloves)
MR       +....                  i - +2 pair of boots
Stlth    +.........             (no amulet)
HPRegen  0.13/turn              c - ring of protection from magic
MPRegen  0.10/turn              (no ring)

@: brilliant
A: distributed training, fangs 1, strong nose
a: Depart the Abyss, Bend Space, Renounce Religion


You were on level 3 of the Dungeon.
You worshipped Lugonu.
Lugonu was pleased with you.
You visited 1 branch of the dungeon, and saw 3 of its levels.
You visited the Abyss 1 time.

You collected 252 gold pieces.

Inventory:

Hand Weapons
 a - a +1 hand axe
 l - a +4 mace of protection (weapon)
Armour
 b - a +0 leather armour (worn)
 i - a +2 pair of boots (worn)
Jewellery
 c - a ring of protection from magic (left hand)
Scrolls
 f - 2 scrolls of identify
Potions
 h - 2 potions of brilliance
 k - a potion of berserk rage {unknown}
 m - a potion of cancellation {unknown}
 n - a potion of curing {unknown}
 p - a potion of haste {unknown}
 q - a potion of lignification {unknown}


   Skills:
 + Level 6.6 Fighting
 + Level 1.1 Short Blades
 + Level 1.1 Long Blades
 + Level 4.6 Axes
 + Level 1.1 Maces & Flails
 + Level 1.1 Polearms
 + Level 1.1 Staves
 + Level 1.1 Slings
 + Level 1.1 Bows
 + Level 1.1 Crossbows
 + Level 1.1 Throwing
 + Level 4.6 Armour
 + Level 2.7 Dodging
 + Level 1.1 Stealth
 + Level 1.1 Shields
 + Level 1.1 Unarmed Combat
 + Level 1.1 Spellcasting
 + Level 0.9 Conjurations
 + Level 0.9 Hexes
 + Level 0.9 Summonings
 + Level 0.9 Necromancy
 + Level 0.9 Translocations
 + Level 0.9 Transmutations
 + Level 0.9 Fire Magic
 + Level 0.9 Ice Magic
 + Level 0.9 Air Magic
 + Level 0.9 Earth Magic
 + Level 0.9 Poison Magic
 + Level 4.7 Invocations
 + Level 1.1 Evocations


You had 5 spell levels left.
You didn't know any spells.
Your spell library was empty.

Dungeon Overview and Level Annotations

Branches:
Dungeon (3/15)

Altars:


Innate Abilities, Weirdness & Mutations

Your experience applies equally to all skills.
You have very sharp teeth.
Your uncanny sense of smell can sniff out nearby items.


Message History

Lugonu accepts your kill. The orc hits you with a +0 short sword.
* * * LOW HITPOINT WARNING * * *
The orc hits you but does no damage. The orc hits you with a +0 mace!
* * * LOW HITPOINT WARNING * * *
You closely miss the orc. The orc hits you but does no damage.
The orc closely misses you.
Unknown command.
Okay, then.
Found a scroll of identify.
It was a potion of brilliance.
You feel clever all of a sudden. The orc hits you with a +0 mace.
* * * LOW HITPOINT WARNING * * *
Unknown command.
It was a potion of degeneration.
There was something very wrong with that liquid.
You feel weakened.
You feel dopey.
You feel clumsy. The orc hits you with a +0 mace.
You die...

*,*,*,,,,,*,***,#..#.#.##**,*,*,*
*,*,*,,,,,*,* *,*....#..,,..#.#,*
*,*,*,,,,,*,***,*,.....,,,....#,*
*,*,*******,*,,,,,,...#***#...#.#
*,*,* *,*,#.####..# #(#.#.# *,*,*
*,*∆*...$...# #.#$#.# *,*,*
*,*,****#...#####.#.#.#
*,*,*******,#.#####......)......<
,,,,,,,,,,∆,#?..@ooK......)......
*,*,********#.######....###.#.#.#
*,*,* *,,,,,,,,#....#........
*,*,* *,******,#....#.......#
*,*,* *,* *,#....#.#.#.#.. *,*,*
*,* *............#.# *,*,* *,*
#........#.###.# *,*,* *,*
#....#.#.#...... *,*,* *,*
*,,,,,,.∆#.###.#


You could see 2 orcs and a kobold.

Vanquished Creatures
  2 adders (D:2)
  2 worms (D:2)
  A dart slug (D:2)
  2 leopard geckos (D:1)
  5 orcs (D:3)
  A ball python (D:1)
  2 giant cockroaches
  4 goblins
  6 hobgoblins
  4 jackals (D:2)
  3 kobolds (D:2)
  4 bats
  5 frilled lizards
  13 rats
54 creatures vanquished.

Notes
Turn   | Place    | Note
-------+----------+-------------------------------------------
     0 | Abyss:1  | Gargoyl the Gnoll Abyssal Knight began the quest for the
                  | Orb.
     0 | Abyss:1  | Reached XP level 1. HP: 23/23 MP: 3/3
     2 | Abyss:1  | Found a corrupted altar of Lugonu.
    58 | Abyss:1  | Noticed a small abomination
    70 | D:1      | Escaped the Abyss
   148 | D:1      | Reached * piety under Lugonu
   224 | D:1      | Reached XP level 2. HP: 12/29 MP: 5/5
  1129 | D:2      | Reached XP level 3. HP: 35/35 MP: 6/6
  1807 | D:2      | Reached skill level 1 in Short Blades
  1807 | D:2      | Reached skill level 1 in Long Blades
  1807 | D:2      | Reached skill level 1 in Maces & Flails
  1807 | D:2      | Reached skill level 1 in Polearms
  1807 | D:2      | Reached skill level 1 in Staves
  1807 | D:2      | Reached skill level 1 in Slings
  1807 | D:2      | Reached skill level 1 in Bows
  1807 | D:2      | Reached skill level 1 in Crossbows
  1807 | D:2      | Reached skill level 1 in Throwing
  1807 | D:2      | Reached skill level 1 in Stealth
  1807 | D:2      | Reached skill level 1 in Shields
  1807 | D:2      | Reached skill level 1 in Unarmed Combat
  1807 | D:2      | Reached skill level 1 in Spellcasting
  1807 | D:2      | Reached skill level 1 in Evocations
  2049 | D:2      | Reached XP level 4. HP: 37/41 MP: 7/7
  2647 | D:3      | Reached ** piety under Lugonu
  2710 | D:3      | HP: 2/41 [orc/+0 mace (8)]
  2720 | D:3      | HP: 2/41 [orc/+0 mace (2)]
  2721 | D:3      | Slain by an orc

Illustrated notes

Levels and vault maps discovered:
D:1:      dpeg_arrival_fog, layout_basic
D:2:      layout_loops_corners
D:3:      layout_basic

Skill      XL: |  1  2  3 |
---------------+----------+-----
Short Blades   | 1 |  1.1
Long Blades    | 1 |  1.1
Maces & Flails | 1 |  1.1
Polearms       | 1 |  1.1
Staves         | 1 |  1.1
Slings         | 1 |  1.1
Bows           | 1 |  1.1
Crossbows      | 1 |  1.1
Throwing       | 1 |  1.1
Stealth        | 1 |  1.1
Shields        | 1 |  1.1
Unarmed Combat | 1 |  1.1
Spellcasting   | 1 |  1.1
Evocations     | 1 |  1.1
Fighting       | |  6.6
Axes           | |  4.6
Armour         | |  4.6
Dodging        | |  2.7
Conjurations   | |  0.9
Hexes          | |  0.9
Summonings     | |  0.9
Necromancy     | |  0.9
Translocations | |  0.9
Transmutations | |  0.9
Fire Magic     | |  0.9
Ice Magic      | |  0.9
Air Magic      | |  0.9
Earth Magic    | |  0.9
Poison Magic   | |  0.9
Invocations    | |  4.7

Action                   |  1- 3 |  4- 6 || total
-------------------------+-------+-------++-------
Melee: Hand axe          |   124 |     3 ||   127
       Bite              |    18 |     1 ||    19
       Mace              |       |    33 ||    33
Invok: Depart the Abyss  |     1 |       ||     1
  Use: Scroll            |     1 |     6 ||     7
       Potion            |       |     2 ||     2
 Stab: Sleeping          |       |     2 ||     2
Armor: Leather armour    |    23 |    15 ||    38
Dodge: Dodged            |    87 |    40 ||   127

Table legend: (Time is in decaauts)
 A = Elapsed time spent in this place.
 B = Non-inter-level travel time spent in this place.
 C = Inter-level travel time spent in this place.
 D = Time resting spent in this place.
 E = Time spent auto-exploring this place.
 F = Levels seen in this place.
 G = Mean time per level.
                   A        B        C        D        E       F      G
               +--------+--------+--------+--------+--------+-----+--------+
         Total |   2740 |   2696 |     44 |    305 |   1878 |   4 |  685.0 |
       Dungeon |   2670 |   2626 |     44 |    305 |   1822 |   3 |  890.0 |
         Abyss |     70 |     70 |      0 |      0 |     56 |   1 |   70.0 |
               +--------+--------+--------+--------+--------+-----+--------+

Top non-repeatable levels by time:
     D:2: 1396 daAuts
     D:1: 1044 daAuts
     D:3: 229 daAuts
 Abyss:1: 70 daAuts
